 Dungeon Crawl Stone Soup version 0.28-a0-1114-g8eb0198dcf (webtiles) character file.

Game seed: 17935985548905484125

63 Garessta the Sneak (level 3, 21/21 HPs)
             Began as a Vampire Enchanter on Dec 11, 2021.
             Was a Follower of Hepliaklqana.
             Quit the game on level 2 of the Dungeon.
             The game lasted 00:01:55 (1234 turns).

Garessta the Sneak (Vampire Enchanter)              Turns: 1234, Time: 00:01:56

Health: 21/21      AC:  2    Str:  7    XL:     3   Next: 89%
Magic:  6/6        EV: 13    Int: 17    God:    Hepliaklqana [*.....]
Gold:   57         SH:  0    Dex: 16    Spells: 4/6 levels left

rFire   . . .      SeeInvis +   a - +1 dagger
rCold   . . .      Faith    .   (no shield)
rNeg    . . .      Spirit   +   b - +0 robe
rPois   .          Reflect  .   (no helmet)
rElec   .          Harm     .   (no cloak)
rCorr   .          Rampage  .   (no gloves)
Will    .....                   (no boots)
Stlth   +++.......              e - amulet of guardian spirit
HPRegen 0.27/turn               (no ring)
MPRegen 0.10/turn               (no ring)

@: healing quickly
A: reduced essence, alive, fangs 3, see invisible, vampiric 2
a: Exsanguinate, Renounce Religion, Recall Ancestor, Ancestor Identity


You were on level 2 of the Dungeon.
You worshipped Hepliaklqana.
Hepliaklqana was aware of your devotion.
You visited 1 branch of the dungeon, and saw 2 of its levels.

You collected 57 gold pieces.

Inventory:

Hand Weapons
 a - a +1 dagger (weapon)
Armour
 b - a +0 robe (worn)
Jewellery
 e - an amulet of guardian spirit (around neck)
Scrolls
 d - 2 scrolls of identify
Potions
 c - a potion of invisibility
 f - a potion of curing {unknown}


   Skills:
 + Level 2.0 Short Blades
 + Level 2.8 Dodging
 + Level 5.1 Stealth
 + Level 2.4 Spellcasting
 + Level 5.0 Hexes


You had 4 spell levels left.
You knew the following spells:

 Your Spells              Type           Power      Damage    Failure   Level
a - Ensorcelled Hibernat  Hex/Ice        20%        N/A       10%         2

Your spell library contained the following spells:

 Spells                   Type           Power      Damage    Failure   Level
 Confusing Touch          Hex            19%        N/A       7%          3
 Tukima's Dance           Hex            19%        N/A       7%          3
 Dazzling Flash           Conj/Hex       20%        N/A       21%         3


Dungeon Overview and Level Annotations

Branches:
Dungeon (2/15)

Altars:
Hepliaklqana

Shops:
D:2 ([[


Innate Abilities, Weirdness & Mutations

Your life essence is reduced to manifest your ancestor. (-10% HP)
Your natural rate of healing is accelerated.
You have razor-sharp teeth.
You have supernaturally acute eyesight. (SInv)
You are afflicted with vampirism and can become a bat while bloodless.


Message History

You hit the adder.
The adder is severely wounded.
The adder bites you.
You completely miss the adder. Your bite misses the adder.
The adder is severely wounded.
The adder closely misses you. The adder bites you.
You closely miss the adder.
The adder is severely wounded.
The adder misses you.
You hit the adder. You bite the adder.
You kill the adder!
No target in view!
No target in view!
No target in view!
No target in view!
No target in view!
No target in view!
No target in view!
No target in view!
No target in view!
No target in view!
No target in view!
No target in view!
No target in view!
No target in view!
No target in view!
No target in view!
HP restored.
You see here an adder corpse.
Found a faded altar of an unknown god.
Found Eggat's Antique Armour Shop.
Found a tapered copper wand.
There is a faded altar of an unknown god here.
You cannot tell which god this altar belongs to.
Convert to them anyway?
Hepliaklqana accepts your prayer! Hepliaklqana welcomes you!
Hepliaklqana forms a fragment of your life essence into the memory of your ancestor, Æðelind!
You can now recall your ancestor.
You can now remember your ancestor's identity.
Are you sure you want to abandon this character and quit the game? (Confirm with "yes".)

.#..∩... / ........
#.##.....#
.........#########
.........##......#
.................#
#....?.R.........#
#...@........# ..
########..#.##
.####..........#
>.............#
#.##..........#
#..#..........# #
#.#..........## #.
#......####...#
#.#####.###.###....#


You could see the friendly Æðelind the ancestor.

Vanquished Creatures
  An orc wizard (D:2)
  An adder (D:2)
  3 orcs
  3 bats
  2 endoplasms (D:1)
  2 giant cockroaches (D:1)
  3 goblins (D:1)
  2 hobgoblins (D:1)
  A kobold (D:1)
  4 ball pythons (D:1)
  4 rats (D:1)
26 creatures vanquished.

Notes
Turn   | Place    | Note
-------+----------+-------------------------------------------
     0 | D:1      | Garessta the Vampire Enchanter began the quest for the Orb.
     0 | D:1      | Reached XP level 1. HP: 13/13 MP: 3/3
   240 | D:1      | Reached XP level 2. HP: 15/19 MP: 3/5
   243 | D:1      | Learned a level 2 spell: Ensorcelled Hibernation
   981 | D:1      | Gained mutation: You are afflicted with vampirism and can
                  | become a bat while bloodless. [Vampire growth]
   981 | D:1      | Reached XP level 3. HP: 24/24 MP: 0/6
  1035 | D:2      | Found Vahiczef's Weapon Boutique.
  1038 | D:2      | Reached skill level 5 in Stealth
  1038 | D:2      | Reached skill level 5 in Hexes
  1075 | D:2      | Found Rein's Antique Armour Shop.
  1228 | D:2      | Found a faded altar of an unknown god.
  1229 | D:2      | Found Eggat's Antique Armour Shop.
  1233 | D:2      | Prayed at the altar of an unknown god.
  1233 | D:2      | Became a worshipper of Hepliaklqana the Forgotten
  1233 | D:2      | Reached * piety under Hepliaklqana
  1234 | D:2      | Quit the game

Illustrated notes

Levels and vault maps discovered:
D:1:      saegor_arrival_simple_b, layout_basic
D:2:      layout_rooms, basic_ecumenical_altar, serial_shops, shop,
          nicolae_shop_trees, shop, shop, nicolae_shop_behind_doors

Skill      XL: |  1  2  3 |
---------------+----------+-----
Short Blades   | 2 |  2.0
Stealth        | 5 |  5.1
Hexes          | 5 |  5.0
Dodging        | |  2.8
Spellcasting   | |  2.4

Action                   || total
-------------------------++-------
Melee: Dagger            ||    86
       Bite              ||     2
 Cast: Ensorcelled Hiber ||     6
  Use: Scroll            ||     1
 Stab: Sleeping          ||    13
Armor: Robe              ||    15
Dodge: Dodged            ||    50

Table legend: (Time is in decaauts)
 A = Elapsed time spent in this place.
 B = Non-inter-level travel time spent in this place.
 C = Inter-level travel time spent in this place.
 D = Time resting spent in this place.
 E = Time spent auto-exploring this place.
 F = Levels seen in this place.
 G = Mean time per level.
                   A        B        C        D        E       F      G
               +--------+--------+--------+--------+--------+-----+--------+
         Total |   1229 |   1139 |     90 |      0 |    915 |   2 |  614.5 |
       Dungeon |   1229 |   1139 |     90 |      0 |    915 |   2 |  614.5 |
               +--------+--------+--------+--------+--------+-----+--------+

Top non-repeatable levels by time:
     D:1: 1058 daAuts
     D:2: 171 daAuts
